 Dungeon Crawl Stone Soup version 0.18.1-50-g88ac8fd (webtiles) character file.

304 Vatticson the Basher (level 6, -2/51 HPs)
             Began as a Minotaur Berserker on Oct 22, 2016.
             Was a Believer of Trog.
             Slain by Grinder (4 damage)
             ... while paralysed by Grinder
             ... on level 3 of the Dungeon.
             The game lasted 00:07:51 (2127 turns).

Vatticson the Basher (Minotaur Berserker)           Turns: 2127, Time: 00:07:51

Health: -2/51      AC:  7    Str: 22    XL:     6   Next: 15%
Magic:  5/5        EV:  2    Int:  4    God:    Trog [**....]
Gold:   85         SH:  0    Dex: 11    Spells: 0 memorised, 5 levels left

rFire  + . .     SeeInvis .     a - +3 mace
rCold  x . .     Gourm    .     g - +0 ring mail
rNeg   . . .     Faith    .     (no shield)
rPois  .         Spirit   .     (helmet restricted)
rElec  .         Dismiss  .     (no cloak)
rCorr  .         Reflect  .     (no gloves)
SustAt .         Harm     .     (no boots)
MR     .....                    (no amulet)
Stlth  +.........               (no ring)
                                h - ring of fire

@: paralysed, not resistant to hostile enchantments, very unstealthy
A: retaliatory headbutt, horns 2, slimy green scales 1
a: Berserk, Trog's Hand, Burn Spellbooks, Renounce Religion


You were on level 3 of the Dungeon.
You worshipped Trog.
Trog was pleased with you.
You were hungry.

You visited 1 branch of the dungeon, and saw 3 of its levels.

You collected 85 gold pieces.

Inventory:

Hand Weapons
 a - a +3 mace (weapon)
Armour
 b - a +0 animal skin
 e - a +1 leather armour
 g - a +0 ring mail (worn)
Jewellery
 h - a ring of fire (left hand)
Potions
 f - a potion of heal wounds {unknown}
Books
 j - Kikubaaqudgha's Collected Works on Evil Rites
   (You found it on level 2 of the Dungeon)

   Spells                             Type                      Level
   a - Pain                           Necromancy                   1
   Trog disapproves of the use of such an item.
Comestibles
 c - a bread ration
 d - 2 royal jellies


   Skills:
 - Level 3.6 Fighting
 + Level 8.4 Maces & Flails
 - Level 2.4 Armour
 - Level 2.1 Dodging


You had 5 spell levels left.
You didn't know any spells.

Dungeon Overview and Level Annotations

Branches:
Dungeon (3/15)

Altars:
Kikubaaqudgha
Makhleb
Sif Muna
Vehumet
Yredelemnul
The Shining One

Annotations:
D:3 Grinder


Innate Abilities, Weirdness & Mutations

You reflexively headbutt those who attack you in melee.
You have a pair of horns on your head.
You are partially covered in slimy green scales (AC +2).


Message History

You kill the orc!
Trog accepts your kill. Grinder gestures at you. Pain shoots through your body!
* * * LOW HITPOINT WARNING * * *
Items here: ))) [ †† Unknown command.
You closely miss Grinder.
Grinder is heavily wounded.
Grinder gestures at you. Pain shoots through your body!
* * * LOW HITPOINT WARNING * * *
You closely miss Grinder.
Grinder is heavily wounded.
Grinder gestures at you.
You suddenly lose the ability to move!
Grinder hits you.
* * * LOW HITPOINT WARNING * * *
You writhe in agony.
You die...

**,************#.#..# *,* #.#..#
*,** #.#..# *,,********
#.#..##### *,,**,,,,,*
#.#......# *,,,+,,,,,*
#.#......# **,,**,.,,,*
#.#......####
*,,,,,,....#####.#.........#####
***,**,#>......@5..........'....
*,**,#.########.#........#####
*,**,*,#...<..................
*,**,*,#.#####..#############.
*,*,,,,.......................
*,**,*,#######.##############.
***,*,,,,............#..........
*,,,*,**,#######.###.##.##...##.
***,*,**,,,,,............'..)'..


You could see Grinder.

Vanquished Creatures
  A sky beast (D:3)
  A hound (D:2)
  2 orc priests (D:3)
  4 gnolls (D:2)
  3 adders (D:2)
  A dart slug (D:1)
  3 giant geckos
  2 orcs (D:3)
  3 bats
  2 giant cockroaches
  10 goblins
  9 hobgoblins
  A ball python (D:2)
  4 giant newts
  9 kobolds
  8 rats
63 creatures vanquished.

Notes
Turn   | Place    | Note
--------------------------------------------------------------
     0 | D:1      | Vatticson the Minotaur Berserker began the quest for the Orb.
     0 | D:1      | Reached XP level 1. HP: 19/19 MP: 0/0
    23 | D:1      | Reached skill level 4 in Maces & Flails
    60 | D:1      | Reached XP level 2. HP: 20/26 MP: 1/1
   436 | D:1      | You fall through a shaft!
   436 | D:2      | Found a basalt altar of Yredelemnul.
   437 | D:2      | Noticed a profane servitor
   446 | D:2      | Found a glowing golden altar of the Shining One.
   448 | D:2      | Noticed an angel
   683 | D:1      | Gained mutation: Your muscles are strong. (Str +2) [potion of mutation]
   683 | D:1      | Gained mutation: You are partially covered in slimy green scales (AC +2). [potion of mutation]
   683 | D:1      | Lost mutation: Your muscles are strong. (Str +2) [potion of mutation]
   817 | D:2      | Reached skill level 5 in Maces & Flails
   817 | D:2      | Reached XP level 3. HP: 28/31 MP: 2/2
   832 | D:2      | Reached ** piety under Trog
  1061 | D:2      | Reached XP level 4. HP: 39/39 MP: 3/3
  1131 | D:2      | Found a radiant altar of Vehumet.
  1135 | D:2      | Found an ancient bone altar of Kikubaaqudgha.
  1136 | D:2      | Found a deep blue altar of Sif Muna.
  1142 | D:2      | Identified Kikubaaqudgha's Collected Works on Evil Rites
  1185 | D:2      | Reached skill level 6 in Maces & Flails
  1236 | D:2      | Reached XP level 5. HP: 24/45 MP: 4/4
  1604 | D:2      | Found a burning altar of Makhleb.
  1797 | D:3      | Noticed a sky beast
  1807 | D:3      | Reached skill level 7 in Maces & Flails
  1825 | D:3      | Killed a sky beast
  2002 | D:3      | Reached skill level 8 in Maces & Flails
  2099 | D:3      | Noticed Grinder
  2121 | D:3      | Reached XP level 6. HP: 27/51 MP: 5/5
  2126 | D:3      | Paralysed by Grinder for 4 turns
  2127 | D:3      | HP: 2/51 [Grinder (3)]
  2127 | D:3      | Slain by Grinder

Skill      XL: |  1  2  3  4  5 |
---------------+----------------+-----
Maces & Flails | 4 5 6 8 |  8.4
Fighting       | |  3.6
Armour         | |  2.4
Dodging        | |  2.1

Action                   |  1- 3 |  4- 6 || total
-------------------------+-------+-------++-------
Melee: Mace              |    77 |    68 ||   145
       Headbutt          |     4 |    12 ||    16
Invok: Trog's Hand       |       |     2 ||     2
       Berserk           |       |     1 ||     1
  Use: Scroll            |     5 |     3 ||     8
       Potion            |     3 |     3 ||     6
  Eat: Bread ration      |       |     1 ||     1
Armor: Animal skin       |     1 |       ||     1
       Leather armour    |     9 |       ||     9
       Ring mail         |    18 |    23 ||    41
Dodge: Dodged            |    49 |    15 ||    64
